 Dungeon Crawl Stone Soup version 0.21-a0-265-gb353147 (console) character file.

1570 removed the Conjurer (level 8, 0/62 HPs)
             Began as a Demigod Venom Mage on Sept 11, 2017.
             Killed by nerve-wracking pain
             ... invoked by Menkaure
              (14 damage)
             ... on level 6 of the Dungeon.
             The game lasted 00:23:04 (7552 turns).

removed the Conjurer (Demigod Venom Mage)           Turns: 7552, Time: 00:23:04

Health: 0/62       AC:  8    Str: 11    XL:     8   Next: 33%
Magic:  10/18      EV: 14    Int: 23    God:
Gold:   262        SH:  0    Dex: 16    Spells: 8/16 levels left

rFire    . . .     SeeInvis .   a - +0 scimitar
rCold    . . .     Gourm    .   (no shield)
rNeg     . . .     Faith    .   i - +1 robe
rPois    .         Spirit   .   t - +0 helmet (curse)
rElec    .         Reflect  .   V - +0 cloak
rCorr    .         Harm     .   (no gloves)
MR       .....                  (no boots)
Stlth    ++........             (no amulet)
HPRegen  0.20/turn              I - +3 ring of protection
MPRegen  0.16/turn              (no ring)

@: no status effects
A: high mp 1
a: no special abilities


You were on level 6 of the Dungeon.
You were not hungry.

You visited 1 branch of the dungeon, and saw 6 of its levels.
You also visited: Ossuary.

You collected 262 gold pieces.

Inventory:

Hand Weapons
 a - a +0 scimitar (weapon)
 b - a +1 spear of venom
 g - a +0 club
 u - a +0 short sword
 x - a +0 long sword
 y - a +0 short sword of draining
 A - a +0 hand axe of venom
Armour
 i - a +1 robe (worn)
 t - a cursed +0 helmet (worn)
 V - a +0 cloak (worn)
Jewellery
 I - a +3 ring of protection (left hand)
Wands
 R - a wand of lightning (8/15)
 T - a wand of disintegration (15/24)
Scrolls
 f - 2 scrolls of blinking
 B - a scroll of enchant weapon {unknown}
 G - 3 scrolls of remove curse
 J - a scroll of teleportation
 K - a scroll of enchant armour
Potions
 l - a potion of brilliance
 p - 2 potions of heal wounds
 s - 4 potions of might
 C - 2 potions of curing
 F - a potion of flight {unknown}
 L - a potion of haste
 O - 4 potions of magic {unknown}
 P - a potion of ambrosia {unknown}
Books
 r - a book of Minor Magic

   Spells                             Type                      Level
   a - Magic Dart                     Conjuration                  1
   b - Blink                          Translocation                2
   c - Call Imp                       Summoning                    2
   d - Slow                           Hexes                        2
   e - Conjure Flame                  Conjuration/Fire             3
   f - Mephitic Cloud                 Conjuration/Poison/Air       3
 E - a Young Poisoner's Handbook

   Spells                             Type                      Level
   a - Sting                          Conjuration/Poison           1
   b - Poisonous Vapours              Poison/Air                   2
   c - Mephitic Cloud                 Conjuration/Poison/Air       3
   d - Olgreb's Toxic Radiance        Poison                       4
   e - Venom Bolt                     Conjuration/Poison           5
Comestibles
 c - 3 bread rations
 v - a meat ration
 W - 2 chunks of flesh


   Skills:
 - Level 2.5 Fighting
 - Level 3.5 Dodging
 - Level 1.7 Stealth
 + Level 4.5 Spellcasting
 - Level 7.0 Conjurations
 - Level 4.0 Poison Magic


You had 8 spell levels left.
You knew the following spells:

 Your Spells              Type           Power        Failure   Level  Hunger
a - Sting                 Conj/Pois      ####         1%          1    None
b - Magic Dart            Conj           ####         1%          1    None
c - Conjure Flame         Conj/Fire      ###.....     7%          3    ##.....
m - Mephitic Cloud        Conj/Pois/Air  ###.....     6%          3    ##.....


Dungeon Overview and Level Annotations

Branches:
Dungeon (6/15)             Temple (0/1) D:5

Shops:
D:4 (([:*!

Annotations:
D:3 exclusion: orc wizard
D:4 exclusion: oklob plant
D:6 exclusion: centaur, Blork the orc, Menkaure


Innate Abilities, Weirdness & Mutations

You have an increased reservoir of magic. (+10% MP)


Message History

Casting: Magic Dart
Confirm with . or Enter, or press ? or * to list all spells.
Aiming: Magic Dart
Press: ? - help, Shift-Dir - straight line, f/p - Menkaure
Aim: Menkaure (heavily damaged)
The magic dart hits Menkaure.
Menkaure is almost destroyed.
Menkaure points at you and mumbles some strange words.
Pain shoots through your body!
* * * LOW HITPOINT WARNING * * *
Casting: Magic Dart
Confirm with . or Enter, or press ? or * to list all spells.
Aiming: Magic Dart
Press: ? - help, Shift-Dir - straight line, f/p - Menkaure
Aim: Menkaure (almost destroyed)
The magic dart hits Menkaure.
Menkaure is almost destroyed.
Menkaure casts a spell at you. Pain shoots through your body!
You die...

#.#.### #.#.#
#.....# #.#.# ##
...#.# #.#.# #.
#.##.# #.#.####.
###.##.###.#......
#.............>...
#.#.##.##[######..
#.#.##.##.######..
#@#.##.##>........
#ยง#.##.##..#####..
..#.##.##..####..#
#..#............<##
#............###..#
##M###..##. ##..
#.# ## #..


You could see Menkaure.

Vanquished Creatures
  A black bear (D:6)
  2 sky beasts
  2 phantoms
  3 ogres
  A centaur (D:5)
  2 scorpions
  2 centaur zombies (Ossuary)
  2 human zombies (Ossuary)
  4 orc wizards
  2 hounds
  2 orc priests
  Crazy Yiuf (D:3)
  Terence (D:3)
  A worker ant (D:5)
  A big kobold zombie (Ossuary)
  2 mummies (Ossuary)
  4 gnolls (D:4)
  4 adders
  An ooze (D:1)
  2 adder zombies (Ossuary)
  3 dart slugs
  6 leopard geckos
  16 orcs
  A ball python (D:1)
  5 giant cockroaches
  5 goblins
  7 hobgoblins
  9 jackals
  2 quokkas
  3 bats
  3 frilled lizards
  2 goblin zombies (Ossuary)
  6 hobgoblin zombies (Ossuary)
  A jackal zombie (Ossuary)
  7 kobolds
  10 kobold zombies (Ossuary)
  10 orc zombies (Ossuary)
  A quokka zombie (D:5)
  4 rats
  A rat zombie (D:5)
142 creatures vanquished.

Notes
Turn   | Place    | Note
-------+----------+-------------------------------------------
     0 | D:1      | removed the Demigod Venom Mage began the quest for the Orb.
     0 | D:1      | Reached XP level 1. HP: 14/14 MP: 5/5
    19 | D:1      | Reached skill level 1 in Conjurations
   267 | D:1      | Reached skill level 2 in Conjurations
   267 | D:1      | Reached XP level 2. HP: 20/20 MP: 4/7
  1333 | D:2      | Reached XP level 3. HP: 26/26 MP: 4/8
  1504 | D:2      | Learned a level 1 spell: Magic Dart
  1511 | D:2      | Reached skill level 3 in Conjurations
  2068 | D:3      | Noticed a phantom
  2347 | D:3      | Learned a level 3 spell: Conjure Flame
  2415 | D:3      | Found a shadowy altar of Dithmenos.
  2422 | D:3      | Noticed Terence
  2458 | D:3      | You fall through a shaft!
  2682 | D:4      | Reached XP level 4. HP: 33/33 MP: 5/9
  2782 | D:3      | Reached skill level 4 in Conjurations
  3579 | D:2      | Killed a phantom
  3579 | D:2      | Reached skill level 5 in Conjurations
  3579 | D:2      | Reached XP level 5. HP: 38/38 MP: 0/10
  3796 | D:4      | Found Nixasouk's Distillery.
  3797 | D:4      | Found Puunko's Book Shoppe.
  3797 | D:4      | Found Xavvet's Antique Armour Shoppe.
  3797 | D:4      | Found Abbengoh's General Store.
  3914 | D:4      | Reached XP level 6. HP: 45/45 MP: 2/11
  3976 | D:3      | Learned a level 3 spell: Mephitic Cloud
  3985 | D:3      | Killed Terence
  3985 | D:3      | Reached skill level 6 in Conjurations
  4089 | D:4      | Found Fotize's Weapon Shoppe.
  4328 | D:4      | Found a stormy altar of Qazlal.
  4328 | D:4      | Found a sparkling altar of Nemelex Xobeh.
  4364 | D:4      | Found Loecuapo's Antique Weapon Boutique.
  4558 | D:4      | Found a blossoming altar of Fedhas.
  4573 | D:4      | Noticed an oklob plant
  4783 | D:5      | Entered Level 5 of the Dungeon
  4827 | D:5      | Found a staircase to the Ecumenical Temple.
  4839 | D:5      | Reached skill level 7 in Conjurations
  4868 | D:5      | Reached XP level 7. HP: 32/50 MP: 3/13
  4929 | D:5      | Found a sand-covered staircase.
  4981 | Ossuary  | Entered an ossuary
  6077 | D:5      | Reached skill level 1 in Fighting
  6303 | D:5      | Reached XP level 8. HP: 37/62 MP: 0/17
  7260 | D:3      | Found a runed door.
  7264 | D:3      | Noticed Crazy Yiuf
  7268 | D:3      | Killed Crazy Yiuf
  7522 | D:6      | Noticed Blork the orc
  7545 | D:6      | Noticed Menkaure
  7552 | D:6      | Killed from afar by Menkaure

Vault maps used:
D:1:      mrwooster_arrival_arrow
D:3:      nicolae_dithmenos_shadow_blocks, uniq_terence, uniq_crazy_yiuf_cottage
D:4:      gammafunk_temple_overflow_statue, serial_shops, nicolae_shop_stone,
          shop, first_bread, minivault_11, minmay_shop_grid_forest, tgw_fedhas
D:5:      minmay_temple_entry_from_below_a, enter_ossuary_4, fountainhead
D:6:      uniq_blork_the_orc, uniq_menkaure
Ossuary:  ossuary_tomb_1

Skill      XL: |  1  2  3  4  5  6  7  8 |
---------------+-------------------------+-----
Conjurations   | 2 3 5 7 |  7.0
Spellcasting   | 2 4 |  4.5
Poison Magic   | 4 |  4.0
Fighting       | 2 |  2.5
Dodging        | 3 |  3.5
Stealth        | |  1.7

Action                   |  1- 3 |  4- 6 |  7- 9 || total
-------------------------+-------+-------+-------++-------
Melee: Short sword       |     5 |       |       ||     5
       Scimitar          |     1 |     6 |    45 ||    52
       Spear             |       |    35 |     6 ||    41
 Cast: Sting             |   105 |    89 |    75 ||   269
       Magic Dart        |     1 |    28 |    84 ||   113
       Mephitic Cloud    |       |     4 |     4 ||     8
       Conjure Flame     |       |       |    13 ||    13
  Use: Scroll            |     5 |     1 |     4 ||    10
 Stab: Confused          |       |     2 |       ||     2
  Eat: Chunk             |     7 |     4 |     8 ||    19
       Bread ration      |       |     1 |       ||     1
       Royal jelly       |       |       |     1 ||     1
Armor: Robe              |     4 |    17 |    24 ||    45
Dodge: Dodged            |    15 |    40 |    50 ||   105
       Rpst.: Scimitar   |       |     2 |    15 ||    17

Table legend:
 A = Spawn XP
 B = Non-spawn XP
 C = Spawn XP percentage of total XP
 D = Spawn monster count
 E = Non-spawn monster count
 F = Spawn count percentage of total count
 G = Total turns spent on level
                    A         B        C        D         E        F      G
               +---------+---------+-------+---------+---------+-------+---------
         Total |       0 |    2244 |   0.0 |       0 |     142 |   0.0 |  7552
               +---------+---------+-------+---------+---------+-------+---------
           D:1 |       0 |      46 |   0.0 |       0 |      22 |   0.0 |  1326
           D:2 |       0 |     147 |   0.0 |       0 |      12 |   0.0 |  1077
           D:3 |       0 |     365 |   0.0 |       0 |      28 |   0.0 |  1572
           D:4 |       0 |     400 |   0.0 |       0 |      15 |   0.0 |  1192
           D:5 |       0 |     859 |   0.0 |       0 |      26 |   0.0 |  1371
           D:6 |       0 |     136 |   0.0 |       0 |       1 |   0.0 |    98
       Ossuary |       0 |     291 |   0.0 |       0 |      38 |   0.0 |   916
               +---------+---------+-------+---------+---------+-------+---------
